Rangers vs Canadiens
Created - December 2, 2019 at 20:01
Goals
|
| Rangers |
3 |
0 |
1 |
4 |
| Canadiens |
2 |
0 |
1 |
3 |
|
Shots
|
| Rangers |
14 |
6 |
8 |
28 |
| Canadiens |
18 |
9 |
5 |
32 |
|
1st period
1. Rangers , Luke Schenn 2 (Jakob Silfverberg 9, Cam Barker 10) at 9:52
2. Canadiens , Henrik Sedin 15 (Benoit Pouliot 18) at 14:59
3. Canadiens , Colton Parayko 2 (Corey Perry 16, Benoit Pouliot 19) at 15:17 (PP)
4. Rangers , Maxime Sauvé 2 (Gustav Nyquist 2) at 16:48
5. Rangers , Jakob Silfverberg 14 (Patrice Bergeron 11) at 19:55
Penalties :
Colton Parayko (Mon) for Hooking (Minor) at 1:09, Jakob Silfverberg (NYR) for Interference (Minor) at 15:02
2nd period
No Goal
Penalties :
Shaone Morrisonn (Mon) for Holding (Minor) at 0:47, Matt Greene (NYR) for Hooking (Minor) at 5:32
3rd period
6. Rangers , Patrice Bergeron 5 (Milan Lucic 18, Jakob Silfverberg 10) at 0:31 (PP)
7. Canadiens , Dustin Boyd 8 (Raphael Diaz 8, Mark Stuart 5) at 15:28 (SH)
Penalties :
Colton Parayko (Mon) for Holding (Minor) at 0:21, Frans Nielsen (Mon) for Hooking (Minor) at 2:26, Milan Lucic (NYR) for Cross-checking (Minor) at 5:41, Steve Downie (Mon) for Holding (Minor) at 9:14, Jakob Silfverberg (NYR) for Hooking (Minor) at 11:36, Frans Nielsen (Mon) for Interference (Minor) at 15:10, Jakob Silfverberg (NYR) for High sticking (Minor) at 15:36
Goalie Stats
Frederik Andersen (NYR), 29 saves from 32 shots - (0.906), W, 9-3-1, 60:00 minutes
Allen York (Mon), 24 saves from 28 shots - (0.857), L, 3-2-0, 58:59 minutes
Players Stats for Rangers
Player Name G A P +/- PIM S H SB GA TA FO MP PP MP PK MP
------------------------------------------------------------------------------------
Cam Barker 0 1 1 1 0 1 2 1 0 2 0/0 24:54 2:51 3:49
Chris Bourque 0 0 0 0 0 1 0 0 0 0 0/0 13:46 3:35 1:28
Colten Teubert 0 0 0 -1 0 0 1 0 0 0 0/0 16:55 0:00 2:49
Gustav Nyquist 0 1 1 1 0 1 4 0 1 0 0/2 8:04 0:25 0:00
Jakob Silfverberg 1 2 3 0 6 3 1 0 0 1 0/3 16:58 4:29 0:12
James Neal 0 0 0 0 0 0 0 0 1 0 0/0 8:44 2:00 0:00
Kyle Okposo 0 0 0 0 0 0 0 1 0 1 0/0 21:52 3:43 0:00
Luke Schenn 1 0 1 0 0 2 0 1 2 1 0/0 26:39 5:16 2:34
Magnus Paajarvi-Svensson 0 0 0 1 0 2 0 0 0 0 0/1 8:32 0:51 0:52
Mark Fistric 0 0 0 2 0 0 0 0 1 0 0/0 17:11 0:45 3:53
Matt Greene 0 0 0 2 2 0 0 1 0 0 0/0 12:21 0:00 0:11
Matt Read 0 0 0 0 0 2 1 0 1 0 0/0 11:09 0:00 1:20
Maxime Sauvé 1 0 1 1 0 2 1 0 0 0 1/3 8:18 0:25 1:20
Milan Lucic 0 1 1 0 2 3 1 0 1 1 1/2 26:43 4:31 2:46
Patrice Bergeron 1 1 2 0 0 5 1 2 0 1 16/32 18:41 4:24 3:52
Patrik Nemeth 0 0 0 -1 0 0 1 1 0 0 0/0 13:25 0:00 0:00
Sean Couturier 0 0 0 0 0 4 1 0 1 0 6/13 21:30 3:43 1:14
Tomas Hertl 0 0 0 -1 0 2 0 0 0 1 6/12 16:02 5:41 0:12
Players Stats for Canadiens
Player Name G A P +/- PIM S H SB GA TA FO MP PP MP PK MP
------------------------------------------------------------------------------------
Benoit Pouliot 0 2 2 -1 0 7 2 0 1 0 1/2 23:57 3:31 2:15
Brett Maclean 0 0 0 0 0 1 0 0 0 0 0/0 6:32 0:04 0:00
Bryce Lampman 0 0 0 0 0 0 1 1 2 2 0/0 13:35 2:29 2:05
Colton Parayko 1 0 1 0 4 1 2 2 0 0 0/0 27:01 3:43 2:51
Corey Perry 0 1 1 -1 0 2 0 1 0 1 1/2 21:53 3:47 0:00
Dustin Boyd 1 0 1 1 0 2 2 0 0 0 7/12 12:01 0:04 5:18
Enver Lisin 0 0 0 0 0 0 2 1 0 0 0/0 8:52 0:04 0:00
Frans Nielsen 0 0 0 -1 4 2 2 0 0 0 7/17 17:08 3:03 2:20
Greg Stewart 0 0 0 -1 0 2 0 0 2 0 1/1 16:06 2:47 2:26
Henrik Sedin 1 0 1 -1 0 4 3 2 0 0 13/20 21:01 3:31 0:51
Mark Stuart 0 1 1 1 0 1 2 0 0 0 0/0 26:24 0:26 4:41
Nikolai Zherdev 0 0 0 0 0 0 1 0 0 0 1/2 6:12 0:00 0:00
Pierre-Marc Bouchard 0 0 0 0 0 1 0 1 0 0 6/10 9:45 0:16 0:03
Raphael Diaz 0 1 1 -1 0 2 0 0 2 2 0/0 22:27 3:43 4:34
Shaone Morrisonn 0 0 0 0 2 1 3 4 0 1 0/0 13:34 0:26 2:53
Steve Downie 0 0 0 0 2 3 1 0 0 0 0/1 17:42 2:47 3:51
Viktor Stalberg 0 0 0 0 0 1 2 0 0 0 1/1 8:32 0:00 0:00
Vitaly Vishnevsky 0 0 0 -2 0 2 2 1 1 2 0/0 17:06 2:29 0:00
3 Stars
1 - Patrice Bergeron (NYR)
2 - Maxime Sauvé (NYR)
3 - Dustin Boyd (Mon)
Power Play
Rangers - 1 on 7 Attempt(s) - 14.29%
Canadiens - 1 on 5 Attempt(s) - 20.00%
Penalty Kill
Rangers - 4 on 5 Attempt(s) - 80.00%
- Score 0 goal in Penalty Kill
Canadiens - 6 on 7 Attempt(s) - 85.71%
- Score 1 goal in Penalty Kill
Team Stat
Rangers - Hits : 14 - Faceoff Wins : 30 - Blocked Shots : 7 - Penalty Minutes : 10
Canadiens - Hits : 25 - Faceoff Wins : 38 - Blocked Shots : 13 - Penalty Minutes : 12
Official
Referees : Unknown
Linesman : Unknown
Game Notes
13:10 of 1st period - Penalty Shot by Mark Stuart for Canadiens - Stopped by Frederik Andersen
James Neal is injured at 8:13 of 2nd period (Left Hand)
Finance
Level 1 -- Attendance: 5521 (92.02%) -- Ticket Income $507,932
Level 2 -- Attendance: 4671 (93.42%) -- Ticket Income $266,247
Level 3 -- Attendance: 1938 (96.90%) -- Ticket Income $69,768
Level 4 -- Attendance: 4000 (100.00%) -- Ticket Income $120,000
Luxury Box -- Attendance: 1000 (100.00%) -- Ticket Income $155,000
Game was played at the Centre Bell.
Total Attendance: 17130 (95.17%)
Total Ticket Income: $1,118,947
Other Income: $167,842
Total Income: $1,286,789
Rangers
5 vs 5 Forward
Center Left Wing Right Wing Time % Phy DF OF
1 Patrice Bergeron Milan Lucic Jakob Silfverberg 40 1 2 2
2 Sean Couturier James Neal Kyle Okposo 30 1 2 2
3 Tomas Hertl Chris Bourque Matt Read 20 1 2 2
4 Maxime Sauvé Magnus Paajarvi-Svensson Gustav Nyquist 10 1 2 2
5 vs 5 Defense
Defense Defense Time % Phy DF OF
1 Luke Schenn Cam Barker 40 1 2 2
2 Mark Fistric Matt Greene 30 1 2 2
3 Colten Teubert Patrik Nemeth 20 1 2 2
4 Luke Schenn Cam Barker 10 1 2 2
PowerPlay Forward
Center Left Wing Right Wing Time % Phy DF OF
1 Patrice Bergeron Milan Lucic Jakob Silfverberg 60 1 2 2
2 Sean Couturier James Neal Kyle Okposo 40 1 2 2
PowerPlay Defense
Defense Defense Time % Phy DF OF
1 Luke Schenn Tomas Hertl 60 1 2 2
2 Cam Barker Chris Bourque 40 1 2 2
Penalty Kill 4 Players Forward
Center Wing Time % Phy DF OF
1 Patrice Bergeron Milan Lucic 60 1 2 2
2 Matt Read Maxime Sauvé 40 1 2 2
Penalty Kill 4 Players Defense
Defense Defense Time % Phy DF OF
1 Cam Barker Mark Fistric 60 1 2 2
2 Luke Schenn Colten Teubert 40 1 2 2
Penalty Kill - 3 Players Forward
Forward Time % Phy DF OF
1 Patrice Bergeron 60 1 2 2
2 Maxime Sauvé 40 1 2 2
Penalty Kill - 3 Players Defense
Defense Defense Time % Phy DF OF
1 Cam Barker Mark Fistric 60 1 2 2
2 Luke Schenn Colten Teubert 40 1 2 2
4 vs 4 Forward
Center Wing Time % Phy DF OF
1 Tomas Hertl Gustav Nyquist 60 1 2 2
2 Sean Couturier Milan Lucic 40 1 2 2
4 vs 4 Defense
Defense Defense Time % Phy DF OF
1 Mark Fistric Colten Teubert 60 1 2 2
2 Matt Greene Patrik Nemeth 40 1 2 2
Last Minutes Offensive
Center Left Wing Right Wing Defense Defense
Sean Couturier Milan Lucic Jakob Silfverberg Luke Schenn James Neal
Last Minutes Defensive
Center Left Wing Right Wing Defense Defense
Matt Read Jakob Silfverberg Kyle Okposo Cam Barker Mark Fistric
Goaltenders
Starting : Frederik Andersen
Backup : Mike Condon
Extra Forwards
Normal : Milan Lucic, Jakob Silfverberg, Kyle Okposo - PP : Milan Lucic, Jakob Silfverberg - PK : Milan Lucic
Extra Defensemen
Normal : Mark Fistric, Cam Barker, Luke Schenn - PP : Mark Fistric - PK : Cam Barker, Mark Fistric
Penalty Shots
Milan Lucic, Jakob Silfverberg, Patrice Bergeron, Sean Couturier, Matt Read
Scratches
Alexei Emelin (Healthy)
Canadiens
5 vs 5 Forward
Center Left Wing Right Wing Time % Phy DF OF
1 Henrik Sedin Benoit Pouliot Corey Perry 40 0 1 4
2 Frans Nielsen Greg Stewart Steve Downie 30 0 1 4
3 Pierre-Marc Bouchard Viktor Stalberg Enver Lisin 20 0 1 4
4 Dustin Boyd Brett Maclean Nikolai Zherdev 10 1 2 2
5 vs 5 Defense
Defense Defense Time % Phy DF OF
1 Mark Stuart Colton Parayko 40 0 3 2
2 Vitaly Vishnevsky Raphael Diaz 30 0 3 2
3 Shaone Morrisonn Bryce Lampman 20 0 3 2
4 Colton Parayko Mark Stuart 10 0 2 3
PowerPlay Forward
Center Left Wing Right Wing Time % Phy DF OF
1 Henrik Sedin Benoit Pouliot Corey Perry 60 1 2 2
2 Frans Nielsen Greg Stewart Steve Downie 40 1 2 2
PowerPlay Defense
Defense Defense Time % Phy DF OF
1 Raphael Diaz Colton Parayko 60 1 2 2
2 Vitaly Vishnevsky Bryce Lampman 40 1 2 2
Penalty Kill 4 Players Forward
Center Wing Time % Phy DF OF
1 Dustin Boyd Steve Downie 60 1 2 2
2 Frans Nielsen Greg Stewart 40 1 2 2
Penalty Kill 4 Players Defense
Defense Defense Time % Phy DF OF
1 Mark Stuart Raphael Diaz 60 1 2 2
2 Shaone Morrisonn Colton Parayko 40 1 2 2
Penalty Kill - 3 Players Forward
Forward Time % Phy DF OF
1 Henrik Sedin 60 1 2 2
2 Dustin Boyd 40 1 2 2
Penalty Kill - 3 Players Defense
Defense Defense Time % Phy DF OF
1 Bryce Lampman Mark Stuart 60 1 2 2
2 Shaone Morrisonn Raphael Diaz 40 1 2 2
4 vs 4 Forward
Center Wing Time % Phy DF OF
1 Pierre-Marc Bouchard Corey Perry 60 1 2 2
2 Henrik Sedin Benoit Pouliot 40 1 2 2
4 vs 4 Defense
Defense Defense Time % Phy DF OF
1 Vitaly Vishnevsky Mark Stuart 60 1 2 2
2 Shaone Morrisonn Mark Stuart 40 1 2 2
Last Minutes Offensive
Center Left Wing Right Wing Defense Defense
Frans Nielsen Benoit Pouliot Corey Perry Raphael Diaz Vitaly Vishnevsky
Last Minutes Defensive
Center Left Wing Right Wing Defense Defense
Frans Nielsen Greg Stewart Steve Downie Shaone Morrisonn Mark Stuart
Goaltenders
Starting : Allen York
Backup : Henrik Lundqvist
Extra Forwards
Normal : Corey Perry, Benoit Pouliot, Frans Nielsen - PP : Corey Perry, Benoit Pouliot - PK : Steve Downie
Extra Defensemen
Normal : Colton Parayko, Mark Stuart, Raphael Diaz - PP : Vitaly Vishnevsky - PK : Shaone Morrisonn, Mark Stuart
Penalty Shots
Corey Perry, Frans Nielsen, Greg Stewart, Benoit Pouliot, Henrik Sedin
Scratches
None
% Time on Ice - Rangers
Lines # - Real PCT - Wanted PCT - Time Play
Normal Forward
1 - 24% - 40% - 10:16
2 - 39% - 30% - 16:35
3 - 20% - 20% - 8:34
4 - 16% - 10% - 6:39
Normal Defense
1 - 37% - 40% - 15:27
2 - 28% - 30% - 11:53
3 - 31% - 20% - 12:50
4 - 5% - 10% - 1:54
PP Forward
1 - 56% - 60% - 4:46
2 - 44% - 40% - 3:46
PP Defense
1 - 68% - 60% - 5:50
2 - 32% - 40% - 2:42
PK Forward
1 - 79% - 60% - 5:16
2 - 21% - 40% - 1:22
PK Defense
1 - 61% - 60% - 4:04
2 - 39% - 40% - 2:34
PK3 Forward
1 - 0% - 60%
2 - 0% - 40%
PK3 Defense
1 - 0% - 60%
2 - 0% - 40%
44 Forward
1 - 99% - 60% - 1:32
2 - 1% - 40% - 0:01
44 Defense
1 - 62% - 60% - 0:58
2 - 38% - 40% - 0:35
Last Minute Offensive - 0:00
Last Minute Defensive - 1:13
Total
Forward - 60:00
Defense - 60:00
|
% Time on Ice - Canadiens
Lines # - Real PCT - Wanted PCT - Time Play
Normal Forward
1 - 40% - 40% - 17:06
2 - 25% - 30% - 10:34
3 - 20% - 20% - 8:32
4 - 15% - 10% - 6:12
Normal Defense
1 - 42% - 40% - 17:56
2 - 31% - 30% - 13:10
3 - 21% - 20% - 8:44
4 - 6% - 10% - 2:34
PP Forward
1 - 58% - 60% - 3:51
2 - 42% - 40% - 2:47
PP Defense
1 - 56% - 60% - 3:43
2 - 44% - 40% - 2:55
PK Forward
1 - 79% - 60% - 6:47
2 - 21% - 40% - 1:45
PK Defense
1 - 54% - 60% - 4:34
2 - 46% - 40% - 3:58
PK3 Forward
1 - 0% - 60%
2 - 0% - 40%
PK3 Defense
1 - 0% - 60%
2 - 0% - 40%
44 Forward
1 - 78% - 60% - 1:13
2 - 22% - 40% - 0:20
44 Defense
1 - 83% - 60% - 1:17
2 - 17% - 40% - 0:16
Last Minute Offensive - 0:53
Last Minute Defensive - 0:00
Total
Forward - 60:00
Defense - 60:00
|
Play-by-Play
1st period
0:01 of 1st period - Patrice Bergeron wins face-off versus Henrik Sedin in neutral zone.
0:04 of 1st period - Mark Stuart is hit by Jakob Silfverberg and loses puck.
0:34 of 1st period - Snap shot by Patrice Bergeron.
0:34 of 1st period - Stopped by Allen York with a rebound.
0:36 of 1st period - Slapshot by Cam Barker.
0:36 of 1st period - Stopped by Allen York with a rebound.
0:38 of 1st period - Snap shot by Luke Schenn.
0:38 of 1st period - Shot Misses the Net.
0:40 of 1st period - Wrist shot by Jakob Silfverberg.
0:40 of 1st period - Shot Blocked by Colton Parayko.
0:42 of 1st period - Slapshot by Jakob Silfverberg.
0:42 of 1st period - Shot Misses the Net.
0:44 of 1st period - Slapshot by Luke Schenn.
0:44 of 1st period - Shot Blocked by Corey Perry.
0:54 of 1st period - Snap shot by Patrice Bergeron.
0:54 of 1st period - Shot Blocked by Colton Parayko.
1:09 of 1st period - Minor Penalty to Colton Parayko for Hooking.
1:10 of 1st period - Dustin Boyd wins face-off versus Sean Couturier in Canadiens zone.
1:18 of 1st period - Mark Stuart is hit by Sean Couturier and loses puck.
2:43 of 1st period - Mark Stuart is hit by Gustav Nyquist and loses puck.
3:09 of 1st period - Penalty to Colton Parayko is over, Colton Parayko is back on ice.
3:18 of 1st period - Wrist shot by Pierre-Marc Bouchard.
3:18 of 1st period - Shot Misses the Net.
3:20 of 1st period - Snap shot by Pierre-Marc Bouchard.
3:20 of 1st period - Shot Blocked by Cam Barker.
3:22 of 1st period - Slapshot by Vitaly Vishnevsky.
3:22 of 1st period - Stopped by Frederik Andersen without a rebound.
3:23 of 1st period - Pierre-Marc Bouchard wins face-off versus Maxime Sauvé in Rangers zone.
4:20 of 1st period - Wrist shot by Corey Perry.
4:20 of 1st period - Stopped by Frederik Andersen without a rebound.
4:21 of 1st period - Patrice Bergeron wins face-off versus Frans Nielsen in Rangers zone.
4:21 of 1st period - Patrice Bergeron is hit by Steve Downie.
4:28 of 1st period - Icing by Shaone Morrisonn.
4:29 of 1st period - Frans Nielsen wins face-off versus Sean Couturier in Canadiens zone.
4:34 of 1st period - Slapshot by James Neal.
4:34 of 1st period - Deflect By Sean Couturier.
4:34 of 1st period - Shot Blocked by Shaone Morrisonn.
4:34 of 1st period - Puck is out of play.
4:35 of 1st period - Sean Couturier wins face-off versus Frans Nielsen in Canadiens zone.
5:12 of 1st period - Snap shot by Chris Bourque.
5:12 of 1st period - Deflect By Tomas Hertl.
5:12 of 1st period - Stopped by Allen York without a rebound.
5:13 of 1st period - Tomas Hertl wins face-off versus Frans Nielsen in Canadiens zone.
5:16 of 1st period - Snap shot by Matt Read.
5:16 of 1st period - Deflect By Chris Bourque.
5:16 of 1st period - Stopped by Allen York with a rebound.
5:18 of 1st period - Snap shot by Matt Read.
5:18 of 1st period - Deflect By Chris Bourque.
5:18 of 1st period - Shot Misses the Net.
5:18 of 1st period - Puck is out of play.
5:19 of 1st period - Tomas Hertl wins face-off versus Steve Downie in Canadiens zone.
5:50 of 1st period - Off-side.
5:51 of 1st period - Pierre-Marc Bouchard wins face-off versus Sean Couturier in neutral zone.
6:06 of 1st period - Slapshot by Pierre-Marc Bouchard.
6:06 of 1st period - Shot Blocked by Kyle Okposo.
6:08 of 1st period - Snap shot by Viktor Stalberg.
6:08 of 1st period - Stopped by Frederik Andersen without a rebound.
6:09 of 1st period - Frans Nielsen wins face-off versus Patrice Bergeron in Rangers zone.
6:20 of 1st period - Wrist shot by Patrice Bergeron.
6:20 of 1st period - Stopped by Allen York with a rebound.
7:00 of 1st period - Vitaly Vishnevsky is hit by Matt Read and loses puck.
7:21 of 1st period - Bryce Lampman is hit by Gustav Nyquist.
8:29 of 1st period - Cam Barker is hit by Viktor Stalberg and loses puck.
9:29 of 1st period - James Neal is hit by Colton Parayko and loses puck.
9:38 of 1st period - Snap shot by Henrik Sedin.
9:38 of 1st period - Stopped by Frederik Andersen without a rebound.
9:39 of 1st period - Henrik Sedin wins face-off versus Jakob Silfverberg in Rangers zone.
9:40 of 1st period - Snap shot by Benoit Pouliot.
9:40 of 1st period - Shot Misses the Net.
9:46 of 1st period - Snap shot by Patrice Bergeron.
9:46 of 1st period - Shot Blocked by Henrik Sedin.
9:48 of 1st period - Slapshot by Milan Lucic.
9:48 of 1st period - Shot Blocked by Henrik Sedin.
9:50 of 1st period - Snap shot by Cam Barker.
9:50 of 1st period - Deflect By Jakob Silfverberg.
9:50 of 1st period - Stopped by Allen York with a rebound.
9:52 of 1st period - Slapshot by Luke Schenn.
9:52 of 1st period - Goal by Luke Schenn - Rangers : 1 - Canadiens : 0.
9:53 of 1st period - Patrice Bergeron wins face-off versus Henrik Sedin in neutral zone.
9:53 of 1st period - Patrice Bergeron is hit by Henrik Sedin.
10:03 of 1st period - Wrist shot by Milan Lucic.
10:03 of 1st period - Stopped by Allen York without a rebound.
10:04 of 1st period - Henrik Sedin wins face-off versus Patrice Bergeron in Canadiens zone.
10:21 of 1st period - Snap shot by Patrice Bergeron.
10:21 of 1st period - Stopped by Allen York without a rebound.
10:22 of 1st period - Sean Couturier wins face-off versus Frans Nielsen in Canadiens zone.
10:47 of 1st period - Milan Lucic is hit by Henrik Sedin and loses puck.
10:54 of 1st period - Wrist shot by Benoit Pouliot.
10:54 of 1st period - Stopped by Frederik Andersen without a rebound.
10:55 of 1st period - Sean Couturier wins face-off versus Henrik Sedin in Rangers zone.
11:16 of 1st period - Sean Couturier is hit by Henrik Sedin and loses puck.
11:27 of 1st period - Matt Greene is hit by Enver Lisin and loses puck.
11:48 of 1st period - Snap shot by Kyle Okposo.
11:48 of 1st period - Shot Blocked by Enver Lisin.
11:50 of 1st period - Slapshot by Sean Couturier.
11:50 of 1st period - Shot Misses the Net.
12:00 of 1st period - Snap shot by James Neal.
12:00 of 1st period - Shot Blocked by Shaone Morrisonn.
12:10 of 1st period - Wrist shot by James Neal.
12:10 of 1st period - Shot Blocked by Bryce Lampman.
12:12 of 1st period - Snap shot by Sean Couturier.
12:12 of 1st period - Stopped by Allen York with a rebound.
12:14 of 1st period - Wrist shot by James Neal.
12:14 of 1st period - Shot Misses the Net.
12:16 of 1st period - Snap shot by James Neal.
12:16 of 1st period - Deflect By Bryce Lampman.
12:16 of 1st period - Shot Blocked by Pierre-Marc Bouchard.
12:16 of 1st period - Puck is out of play.
12:17 of 1st period - Patrice Bergeron wins face-off versus Frans Nielsen in Canadiens zone.
13:07 of 1st period - Wrist shot by Maxime Sauvé.
13:07 of 1st period - Deflect By Magnus Paajarvi-Svensson.
13:07 of 1st period - Shot Misses the Net.
13:07 of 1st period - Puck is out of play.
13:08 of 1st period - Dustin Boyd wins face-off versus Gustav Nyquist in Canadiens zone.
13:10 of 1st period - Penalty Shot by Mark Stuart for Canadiens.
13:10 of 1st period - Deke by Mark Stuart.
13:10 of 1st period - Stopped by Frederik Andersen.
13:11 of 1st period - Frans Nielsen wins face-off versus Patrice Bergeron in Canadiens zone.
13:27 of 1st period - Snap shot by Steve Downie.
13:27 of 1st period - Shot Misses the Net.
14:02 of 1st period - Raphael Diaz is hit by Gustav Nyquist.
14:53 of 1st period - Off-side.
14:54 of 1st period - Henrik Sedin wins face-off versus Patrice Bergeron in neutral zone.
14:59 of 1st period - Snap shot by Henrik Sedin.
14:59 of 1st period - Goal by Henrik Sedin - Rangers : 1 - Canadiens : 1.
15:00 of 1st period - Patrice Bergeron wins face-off versus Henrik Sedin in neutral zone.
15:02 of 1st period - Minor Penalty to Jakob Silfverberg for Interference.
15:03 of 1st period - Henrik Sedin wins face-off versus Patrice Bergeron in Rangers zone.
15:15 of 1st period - Slapshot by Corey Perry.
15:15 of 1st period - Shot Blocked by Patrice Bergeron.
15:17 of 1st period - Slapshot by Colton Parayko.
15:17 of 1st period - Goal by Colton Parayko - Rangers : 1 - Canadiens : 2.
15:18 of 1st period - Milan Lucic wins face-off versus Frans Nielsen in neutral zone.
16:28 of 1st period - Slapshot by Magnus Paajarvi-Svensson.
16:28 of 1st period - Shot Misses the Net.
16:30 of 1st period - Snap shot by Luke Schenn.
16:30 of 1st period - Stopped by Allen York without a rebound.
16:31 of 1st period - Henrik Sedin wins face-off versus Gustav Nyquist in Canadiens zone.
16:38 of 1st period - Snap shot by Magnus Paajarvi-Svensson.
16:38 of 1st period - Stopped by Allen York with a rebound.
16:48 of 1st period - Snap shot by Maxime Sauvé.
16:48 of 1st period - Goal by Maxime Sauvé - Rangers : 2 - Canadiens : 2.
16:49 of 1st period - Frans Nielsen wins face-off versus Patrice Bergeron in neutral zone.
16:54 of 1st period - Snap shot by Frans Nielsen.
16:54 of 1st period - Stopped by Frederik Andersen without a rebound.
16:55 of 1st period - Patrice Bergeron wins face-off versus Frans Nielsen in Rangers zone.
17:25 of 1st period - Slapshot by Greg Stewart.
17:25 of 1st period - Shot Misses the Net.
17:27 of 1st period - Wrist shot by Steve Downie.
17:27 of 1st period - Shot Misses the Net.
17:43 of 1st period - Slapshot by Frans Nielsen.
17:43 of 1st period - Stopped by Frederik Andersen with a rebound.
17:45 of 1st period - Slapshot by Colton Parayko.
17:45 of 1st period - Shot Misses the Net.
17:59 of 1st period - Wrist shot by Frans Nielsen.
17:59 of 1st period - Shot Misses the Net.
18:01 of 1st period - Snap shot by Frans Nielsen.
18:01 of 1st period - Shot Blocked by Matt Greene.
18:03 of 1st period - Slapshot by Colton Parayko.
18:03 of 1st period - Shot Hit the Post.
18:05 of 1st period - Backhand shot by Mark Stuart.
18:05 of 1st period - Deflect By Greg Stewart.
18:05 of 1st period - Stopped by Frederik Andersen with a rebound.
18:07 of 1st period - Snap shot by Steve Downie.
18:07 of 1st period - Deflect By Mark Fistric.
18:07 of 1st period - Stopped by Frederik Andersen with a rebound.
18:09 of 1st period - Slapshot by Mark Stuart.
18:09 of 1st period - Stopped by Frederik Andersen without a rebound.
18:10 of 1st period - Tomas Hertl wins face-off versus Henrik Sedin in Rangers zone.
18:15 of 1st period - Slapshot by Benoit Pouliot.
18:15 of 1st period - Stopped by Frederik Andersen with a rebound.
18:17 of 1st period - Slapshot by Vitaly Vishnevsky.
18:17 of 1st period - Stopped by Frederik Andersen with a rebound.
18:19 of 1st period - Slapshot by Henrik Sedin.
18:19 of 1st period - Shot Misses the Net.
18:21 of 1st period - Slapshot by Raphael Diaz.
18:21 of 1st period - Deflect By Benoit Pouliot.
18:21 of 1st period - Stopped by Frederik Andersen with a rebound.
18:25 of 1st period - Snap shot by Henrik Sedin.
18:25 of 1st period - Stopped by Frederik Andersen with a rebound.
18:27 of 1st period - Slapshot by Raphael Diaz.
18:27 of 1st period - Stopped by Frederik Andersen without a rebound.
18:28 of 1st period - Pierre-Marc Bouchard wins face-off versus Sean Couturier in Rangers zone.
18:35 of 1st period - Wrist shot by Viktor Stalberg.
18:35 of 1st period - Shot Misses the Net.
18:37 of 1st period - Wrist shot by Raphael Diaz.
18:37 of 1st period - Shot Blocked by Luke Schenn.
18:39 of 1st period - Snap shot by Enver Lisin.
18:39 of 1st period - Shot Misses the Net.
18:41 of 1st period - Slapshot by Raphael Diaz.
18:41 of 1st period - Stopped by Frederik Andersen without a rebound.
18:42 of 1st period - Henrik Sedin wins face-off versus Tomas Hertl in Rangers zone.
19:34 of 1st period - Raphael Diaz is hit by Patrik Nemeth and loses puck.
19:55 of 1st period - Wrist shot by Jakob Silfverberg.
19:55 of 1st period - Goal by Jakob Silfverberg - Rangers : 3 - Canadiens : 2.
19:56 of 1st period - Henrik Sedin wins face-off versus Patrice Bergeron in neutral zone.
19:59 of 1st period - Wrist shot by Benoit Pouliot.
19:59 of 1st period - Deflect By Henrik Sedin.
19:59 of 1st period - Shot Hit the Post.
19:59 of 1st period - Puck is out of play.
Goals for this period are 3 for Rangers vs 2 for Canadiens.
Shots for this period are 14 for Rangers vs 18 for Canadiens.
2nd period
0:01 of 2nd period - Patrice Bergeron wins face-off versus Henrik Sedin in neutral zone.
0:10 of 2nd period - Milan Lucic is hit by Mark Stuart and loses puck.
0:15 of 2nd period - Snap shot by Henrik Sedin.
0:15 of 2nd period - Shot Misses the Net.
0:17 of 2nd period - Slapshot by Mark Stuart.
0:17 of 2nd period - Shot Blocked by Patrice Bergeron.
0:24 of 2nd period - Icing by Milan Lucic.
0:25 of 2nd period - Sean Couturier wins face-off versus Frans Nielsen in Rangers zone.
0:47 of 2nd period - Minor Penalty to Shaone Morrisonn for Holding.
0:48 of 2nd period - Patrice Bergeron wins face-off versus Dustin Boyd in Canadiens zone.
1:56 of 2nd period - Kyle Okposo is hit by Frans Nielsen and loses puck.
2:13 of 2nd period - Benoit Pouliot is hit by Patrice Bergeron and loses puck.
2:47 of 2nd period - Penalty to Shaone Morrisonn is over, Shaone Morrisonn is back on ice.
2:53 of 2nd period - Snap shot by Dustin Boyd.
2:53 of 2nd period - Stopped by Frederik Andersen without a rebound.
2:54 of 2nd period - Henrik Sedin wins face-off versus Maxime Sauvé in Rangers zone.
3:19 of 2nd period - Wrist shot by Gustav Nyquist.
3:19 of 2nd period - Stopped by Allen York with a rebound.
3:47 of 2nd period - Snap shot by Brett Maclean.
3:47 of 2nd period - Stopped by Frederik Andersen without a rebound.
3:48 of 2nd period - Dustin Boyd wins face-off versus Milan Lucic in Rangers zone.
4:42 of 2nd period - Snap shot by Matt Read.
4:42 of 2nd period - Stopped by Allen York with a rebound.
4:44 of 2nd period - Snap shot by Cam Barker.
4:44 of 2nd period - Shot Blocked by Shaone Morrisonn.
4:46 of 2nd period - Snap shot by Matt Read.
4:46 of 2nd period - Shot Misses the Net.
4:48 of 2nd period - Snap shot by Matt Read.
4:48 of 2nd period - Shot Blocked by Shaone Morrisonn.
5:02 of 2nd period - Slapshot by Shaone Morrisonn.
5:02 of 2nd period - Stopped by Frederik Andersen without a rebound.
5:03 of 2nd period - Viktor Stalberg wins face-off versus Jakob Silfverberg in Rangers zone.
5:08 of 2nd period - Backhand shot by Pierre-Marc Bouchard.
5:08 of 2nd period - Stopped by Frederik Andersen without a rebound.
5:09 of 2nd period - Henrik Sedin wins face-off versus Patrice Bergeron in Rangers zone.
5:32 of 2nd period - Minor Penalty to Matt Greene for Hooking.
5:33 of 2nd period - Patrice Bergeron wins face-off versus Corey Perry in Rangers zone.
5:50 of 2nd period - Wrist shot by Milan Lucic.
5:50 of 2nd period - Shot Misses the Net.
6:00 of 2nd period - Milan Lucic is hit by Frans Nielsen and loses puck.
7:32 of 2nd period - Penalty to Matt Greene is over, Matt Greene is back on ice.
7:41 of 2nd period - Sean Couturier is hit by Viktor Stalberg and loses puck.
8:12 of 2nd period - James Neal is hit by Dustin Boyd and loses puck.
8:13 of 2nd period - James Neal from Rangers is injured at 8:13 of 2nd period (Left Hand).
8:14 of 2nd period - Henrik Sedin wins face-off versus Patrice Bergeron in Rangers zone.
8:15 of 2nd period - Snap shot by Benoit Pouliot.
8:15 of 2nd period - Shot Misses the Net.
8:52 of 2nd period - Wrist shot by Steve Downie.
8:52 of 2nd period - Stopped by Frederik Andersen with a rebound.
9:04 of 2nd period - Wrist shot by Kyle Okposo.
9:04 of 2nd period - Shot Misses the Net.
9:08 of 2nd period - Snap shot by Milan Lucic.
9:08 of 2nd period - Stopped by Allen York with a rebound.
9:20 of 2nd period - Magnus Paajarvi-Svensson is hit by Dustin Boyd and loses puck.
9:45 of 2nd period - Raphael Diaz is hit by Milan Lucic and loses puck.
9:56 of 2nd period - Wrist shot by Greg Stewart.
9:56 of 2nd period - Deflect By Tomas Hertl.
9:56 of 2nd period - Stopped by Frederik Andersen without a rebound.
9:57 of 2nd period - Frans Nielsen wins face-off versus Tomas Hertl in Rangers zone.
10:54 of 2nd period - Luke Schenn is hit by Shaone Morrisonn and loses puck.
11:08 of 2nd period - Off-side.
11:09 of 2nd period - Nikolai Zherdev wins face-off versus Tomas Hertl in neutral zone.
11:36 of 2nd period - Icing by Matt Greene.
11:37 of 2nd period - Corey Perry wins face-off versus Sean Couturier in Rangers zone.
11:45 of 2nd period - Icing by Patrik Nemeth.
11:46 of 2nd period - Henrik Sedin wins face-off versus Sean Couturier in Rangers zone.
12:15 of 2nd period - Snap shot by Henrik Sedin.
12:15 of 2nd period - Stopped by Frederik Andersen with a rebound.
12:23 of 2nd period - Snap shot by Kyle Okposo.
12:23 of 2nd period - Shot Misses the Net.
13:09 of 2nd period - Wrist shot by Corey Perry.
13:09 of 2nd period - Shot Blocked by Patrik Nemeth.
14:56 of 2nd period - Wrist shot by Sean Couturier.
14:56 of 2nd period - Stopped by Allen York with a rebound.
14:58 of 2nd period - Snap shot by Patrik Nemeth.
14:58 of 2nd period - Shot Misses the Net.
15:00 of 2nd period - Slapshot by Sean Couturier.
15:00 of 2nd period - Stopped by Allen York with a rebound.
15:02 of 2nd period - Wrist shot by Kyle Okposo.
15:02 of 2nd period - Shot Misses the Net.
17:11 of 2nd period - Wrist shot by Benoit Pouliot.
17:11 of 2nd period - Stopped by Frederik Andersen with a rebound.
17:23 of 2nd period - Slapshot by Henrik Sedin.
17:23 of 2nd period - Deflect By Benoit Pouliot.
17:23 of 2nd period - Stopped by Frederik Andersen with a rebound.
17:54 of 2nd period - Slapshot by Milan Lucic.
17:54 of 2nd period - Shot Misses the Net.
17:56 of 2nd period - Wrist shot by Sean Couturier.
17:56 of 2nd period - Stopped by Allen York without a rebound.
17:57 of 2nd period - Frans Nielsen wins face-off versus Tomas Hertl in Canadiens zone.
17:57 of 2nd period - Steve Downie is hit by Cam Barker and loses puck.
18:22 of 2nd period - Cam Barker is hit by Shaone Morrisonn and loses puck.
19:46 of 2nd period - Slapshot by Raphael Diaz.
19:46 of 2nd period - Shot Misses the Net.
19:55 of 2nd period - Off-side.
19:56 of 2nd period - Pierre-Marc Bouchard wins face-off versus Jakob Silfverberg in neutral zone.
19:59 of 2nd period - Luke Schenn is hit by Enver Lisin and loses puck.
Goals for this period are 0 for Rangers vs 0 for Canadiens.
Shots for this period are 6 for Rangers vs 9 for Canadiens.
3rd period
0:01 of 3rd period - Greg Stewart wins face-off versus Patrice Bergeron in neutral zone.
0:21 of 3rd period - Minor Penalty to Colton Parayko for Holding.
0:22 of 3rd period - Patrice Bergeron wins face-off versus Dustin Boyd in Canadiens zone.
0:31 of 3rd period - Slapshot by Patrice Bergeron.
0:31 of 3rd period - Goal by Patrice Bergeron - Rangers : 4 - Canadiens : 2.
0:32 of 3rd period - Patrice Bergeron wins face-off versus Frans Nielsen in neutral zone.
0:35 of 3rd period - Snap shot by Milan Lucic.
0:35 of 3rd period - Shot Blocked by Vitaly Vishnevsky.
0:37 of 3rd period - Snap shot by Patrice Bergeron.
0:37 of 3rd period - Stopped by Allen York without a rebound.
0:38 of 3rd period - Frans Nielsen wins face-off versus Patrice Bergeron in Canadiens zone.
0:53 of 3rd period - Snap shot by Milan Lucic.
0:53 of 3rd period - Shot Misses the Net.
2:14 of 3rd period - Wrist shot by Matt Read.
2:14 of 3rd period - Stopped by Allen York with a rebound.
2:16 of 3rd period - Wrist shot by Chris Bourque.
2:16 of 3rd period - Deflect By Tomas Hertl.
2:16 of 3rd period - Stopped by Allen York with a rebound.
2:26 of 3rd period - Minor Penalty to Frans Nielsen for Hooking.
2:27 of 3rd period - Patrice Bergeron wins face-off versus Dustin Boyd in Canadiens zone.
2:44 of 3rd period - Wrist shot by Milan Lucic.
2:44 of 3rd period - Deflect By Jakob Silfverberg.
2:44 of 3rd period - Deflect By Shaone Morrisonn.
2:44 of 3rd period - Stopped by Allen York without a rebound.
2:45 of 3rd period - Sean Couturier wins face-off versus Dustin Boyd in Canadiens zone.
2:52 of 3rd period - Wrist shot by Sean Couturier.
2:52 of 3rd period - Shot Misses the Net.
2:54 of 3rd period - Snap shot by Sean Couturier.
2:54 of 3rd period - Shot Misses the Net.
3:12 of 3rd period - Wrist shot by Milan Lucic.
3:12 of 3rd period - Shot Misses the Net.
4:26 of 3rd period - Penalty to Frans Nielsen is over, Frans Nielsen is back on ice.
4:38 of 3rd period - Wrist shot by Maxime Sauvé.
4:38 of 3rd period - Stopped by Allen York without a rebound.
4:39 of 3rd period - Maxime Sauvé wins face-off versus Pierre-Marc Bouchard in Canadiens zone.
4:44 of 3rd period - Wrist shot by Magnus Paajarvi-Svensson.
4:44 of 3rd period - Stopped by Allen York with a rebound.
5:34 of 3rd period - Mark Stuart is hit by Colten Teubert and loses puck.
5:41 of 3rd period - Minor Penalty to Milan Lucic for Cross-checking.
5:42 of 3rd period - Patrice Bergeron wins face-off versus Henrik Sedin in Rangers zone.
5:42 of 3rd period - Patrice Bergeron is hit by Colton Parayko.
6:32 of 3rd period - Wrist shot by Frans Nielsen.
6:32 of 3rd period - Shot Misses the Net.
6:46 of 3rd period - Luke Schenn is hit by Vitaly Vishnevsky and loses puck.
6:57 of 3rd period - Colten Teubert is hit by Vitaly Vishnevsky.
7:19 of 3rd period - Jakob Silfverberg is hit by Bryce Lampman and loses puck.
7:41 of 3rd period - Penalty to Milan Lucic is over, Milan Lucic is back on ice.
7:49 of 3rd period - Wrist shot by Dustin Boyd.
7:49 of 3rd period - Shot Misses the Net.
8:19 of 3rd period - Icing by Mark Stuart.
8:20 of 3rd period - Pierre-Marc Bouchard wins face-off versus Tomas Hertl in Canadiens zone.
8:47 of 3rd period - Cam Barker is hit by Benoit Pouliot.
8:53 of 3rd period - Tomas Hertl is hit by Benoit Pouliot and loses puck.
9:14 of 3rd period - Minor Penalty to Steve Downie for Holding.
9:15 of 3rd period - Patrice Bergeron wins face-off versus Dustin Boyd in Canadiens zone.
9:19 of 3rd period - Snap shot by Milan Lucic.
9:19 of 3rd period - Deflect By Raphael Diaz.
9:19 of 3rd period - Stopped by Allen York without a rebound.
9:20 of 3rd period - Dustin Boyd wins face-off versus Patrice Bergeron in Canadiens zone.
9:26 of 3rd period - Icing by Jakob Silfverberg.
9:27 of 3rd period - Patrice Bergeron wins face-off versus Benoit Pouliot in Rangers zone.
10:05 of 3rd period - Snap shot by Benoit Pouliot.
10:05 of 3rd period - Stopped by Frederik Andersen without a rebound.
10:06 of 3rd period - Benoit Pouliot wins face-off versus Magnus Paajarvi-Svensson in Rangers zone.
10:15 of 3rd period - Colton Parayko is hit by Cam Barker and loses puck.
11:14 of 3rd period - Penalty to Steve Downie is over, Steve Downie is back on ice.
11:33 of 3rd period - Snap shot by Steve Downie.
11:33 of 3rd period - Stopped by Frederik Andersen without a rebound.
11:34 of 3rd period - Patrice Bergeron wins face-off versus Pierre-Marc Bouchard in Rangers zone.
11:36 of 3rd period - Minor Penalty to Jakob Silfverberg for Hooking.
11:37 of 3rd period - Henrik Sedin wins face-off versus Patrice Bergeron in Rangers zone.
11:43 of 3rd period - Snap shot by Benoit Pouliot.
11:43 of 3rd period - Shot Misses the Net.
11:45 of 3rd period - Slapshot by Colton Parayko.
11:45 of 3rd period - Deflect By Benoit Pouliot.
11:45 of 3rd period - Stopped by Frederik Andersen without a rebound.
11:46 of 3rd period - Henrik Sedin wins face-off versus Patrice Bergeron in Rangers zone.
13:25 of 3rd period - Benoit Pouliot is hit by Maxime Sauvé.
13:36 of 3rd period - Penalty to Jakob Silfverberg is over, Jakob Silfverberg is back on ice.
14:09 of 3rd period - Chris Bourque is hit by Nikolai Zherdev and loses puck.
15:10 of 3rd period - Minor Penalty to Frans Nielsen for Interference.
15:11 of 3rd period - Dustin Boyd wins face-off versus Patrice Bergeron in Canadiens zone.
15:28 of 3rd period - Wrist shot by Dustin Boyd.
15:28 of 3rd period - Goal by Dustin Boyd - Rangers : 4 - Canadiens : 3.
15:29 of 3rd period - Dustin Boyd wins face-off versus Patrice Bergeron in neutral zone.
15:36 of 3rd period - Minor Penalty to Jakob Silfverberg for High sticking.
15:37 of 3rd period - Pierre-Marc Bouchard wins face-off versus Tomas Hertl in Rangers zone.
15:38 of 3rd period - Wrist shot by Corey Perry.
15:38 of 3rd period - Stopped by Frederik Andersen without a rebound.
15:39 of 3rd period - Tomas Hertl wins face-off versus Pierre-Marc Bouchard in Rangers zone.
15:41 of 3rd period - Icing by Colten Teubert.
15:42 of 3rd period - Tomas Hertl wins face-off versus Pierre-Marc Bouchard in Rangers zone.
16:23 of 3rd period - Milan Lucic is hit by Mark Stuart and loses puck.
16:57 of 3rd period - Colton Parayko is hit by Gustav Nyquist and loses puck.
17:10 of 3rd period - Penalty to Frans Nielsen is over, Frans Nielsen is back on ice.
17:36 of 3rd period - Penalty to Jakob Silfverberg is over, Jakob Silfverberg is back on ice.
17:43 of 3rd period - Luke Schenn is hit by Shaone Morrisonn and loses puck.
17:55 of 3rd period - Icing by Shaone Morrisonn.
17:56 of 3rd period - Dustin Boyd wins face-off versus Sean Couturier in Canadiens zone.
18:05 of 3rd period - Off-side.
18:06 of 3rd period - Sean Couturier wins face-off versus Frans Nielsen in neutral zone.
18:46 of 3rd period - Icing by Matt Read.
18:47 of 3rd period - Tomas Hertl wins face-off versus Nikolai Zherdev in Rangers zone.
18:59 of 3rd period - Canadiens, Allen York is pulled from the net.
19:21 of 3rd period - Slapshot by Cam Barker.
19:21 of 3rd period - Shot Misses the Net.
Goals for this period are 1 for Rangers vs 1 for Canadiens.
Shots for this period are 8 for Rangers vs 5 for Canadiens.
Back to the Top